 Dungeon Crawl Stone Soup version 0.30-a0-1094-g860fb061e7 (webtiles) character file.

Game seed: 14634240901321321370

987 lunkers the Cutter (level 8, -5/61 (71) HPs)
             Began as a Meteoran Fighter on Apr 17, 2023.
             Slain by a steam dragon (9 damage)
             ... on level 6 of the Dungeon.
             The game lasted 00:04:10 (2552 turns).

lunkers the Cutter (Meteoran Fighter)               Turns: 2552, Time: 00:04:11

HP:   -5/61 (71)    AC:  8    Str: 18    XL:     8   Next: 68%
MP:   9/9           EV:  9    Int: 10    God:
Gold: 153           SH:  5    Dex: 15    Spells: 7/7 levels left

rFire   . . .      SeeInvis .    b - +2 dagger (venom)
rCold   . . .      Faith    .    c - +0 buckler
rNeg    . . .      Spirit   .    j - +0 scale mail
rPois   .          Reflect  .    m - +0 helmet
rElec   .          Rampage  .    (no cloak)
rCorr   .                        (no gloves)
Will    +....                    (no boots) Stlth
                                 (no amulet)
HPRegen 0.30/turn                (no ring)
MPRegen 0.11/turn                (no ring)

@: glowing, heavily drained
A: sense surroundings 1, otherworldly, glowing, explore regen
a: no special abilities


You were on level 6 of the Dungeon.
You visited 1 branch of the dungeon, and saw 6 of its levels.

You collected 153 gold pieces.

Inventory:

Hand Weapons
 a - a +0 long sword
 b - a +2 dagger of venom (weapon)
Armour
 c - a +0 buckler (worn)
 j - a +0 scale mail (worn)
 m - a +0 helmet (worn)
Scrolls
 e - a scroll of teleportation {unknown}
 h - a scroll of fear {unknown}
 l - 2 scrolls of fog
 n - 2 scrolls of magic mapping {unknown}
 o - a scroll of immolation {unknown}
 r - a scroll of poison {unknown}
Potions
 f - a potion of heal wounds {unknown}
 g - 4 potions of attraction {unknown}
 i - a potion of cancellation {unknown}
 k - 2 potions of curing {unknown}
 p - a potion of ambrosia {unknown}
 q - a potion of haste {unknown}


   Skills:
 + Level 6.4 Fighting
 - Level 7.4(8.0) Short Blades
 - Level 4.7(7.0) Long Blades
 - Level 3.6 Armour
 - Level 3.6 Shields


You had 7 spell levels left.
You didn't know any spells.
Your spell library contained the following spells:

 Spells                   Type           Power      Damage    Failure   Level
 Beastly Appendage        Tmut           0%         N/A       83%         1
 Blink                    Tloc           0%         N/A       93%         2
 Lesser Beckoning         Tloc           0%         N/A       93%         2
 Momentum Strike          Conj/Tloc      0%         3d8       93%         2
 Wereblood                Tmut           0%         N/A       93%         2
 Spider Form              Tmut/Pois      0%         N/A       99%         3


Dungeon Overview and Level Annotations

Branches:
Dungeon (6/15) Zot: 1097   Temple (0/1) D:6

Altars:
Hepliaklqana
Ru

Shops:
D:4 *

Annotations:
D:5 1 runed translucent door, xian's ghost, novice MfIE


Innate Abilities, Weirdness & Mutations

You passively map a small area around you.
You are easily found by Zot.
You glow in the dark.
You regain HP and MP as you explore.


Message History

You hit the wight but do no damage.
The wight is lightly damaged.
A wight comes into view. It is wielding a +4 battleaxe.
You block the wight's attack.
You hit the wight but do no damage.
The wight is lightly damaged.
A wight comes into view. It is wielding a +3 short sword.
The wight attacks as you move away! The wight closely misses you.
Okay, then.
The wight attacks as you move away! The wight closely misses you.
The wight attacks as you move away! You block the wight's attack.
The wight attacks as you move away! The wight barely misses you.
A steam dragon comes into view.
The steam dragon hisses angrily.
The wight attacks as you move away! The wight closely misses you.
The steam dragon breathes steam at you. The ball of steam hits you!
* * * LOW HITPOINT WARNING * * *
The steam dragon bites you!
* * * LOW HITPOINT WARNING * * *
The steam dragon claws you but does no damage.
Found 7 gold pieces.
You barely miss the steam dragon. The steam dragon closely misses you.
The steam dragon completely misses you.
Unknown command.
You closely miss the steam dragon.
The steam dragon bites you but does no damage.
The steam dragon claws you.
* * * LOW HITPOINT WARNING * * *
You hit the steam dragon.
The steam dragon is poisoned.
The steam dragon is lightly wounded.
Unknown command.
You barely miss the steam dragon.
The steam dragon is lightly wounded.
You block the steam dragon's attack. The steam dragon claws you.
* * * LOW HITPOINT WARNING * * *
You hit the steam dragon but do no damage.
The steam dragon is lightly wounded.
The steam dragon bites you!
You die...

#######.# #.#...##
, ........#
#.#<...# , *
######..#
*###.#.....# * ,, *
#..# ....#........
#$.###.#..#.....###
#......#, #....##,
*
#####...z#####.#.##
.........zD.....#.#
, *
###########@.####.#
* **##..# * * , * ,
, ...# , * , .#.# ,
, .#... , , , ,
.#*##$ ** , .. . *
, ,,.# , , , , *


You could see a steam dragon (very poisoned) and 2 wights.

Vanquished Creatures
  Pikel (D:5)
  2 ogres (D:5)
  2 lemures (D:5)
  A wight (D:6)
  A howler monkey (D:5)
  A jelly (D:4)
  2 iguanas (D:5)
  Terence (D:3)
  8 adders
  A shadow imp (D:4)
  A white imp (D:5)
  An ufetubus (D:5)
  2 dart slugs
  4 orcs
  4 ball pythons
  4 endoplasms
  5 goblins
  5 hobgoblins
  4 jackals (D:1)
  6 quokkas
  3 bats
  12 frilled lizards
  5 kobolds
  A rat (D:1)
77 creatures vanquished.

Vanquished Creatures (others)
  5 plants (D:3)
  2 withered plants (D:5)
7 creatures vanquished.

Grand Total: 84 creatures vanquished

Notes
Turn   | Place    | Note
-------+----------+-------------------------------------------
     0 | D:1      | lunkers the Meteoran Fighter began the quest for the Orb.
     0 | D:1      | Reached XP level 1. HP: 19/19 MP: 2/2
   147 | D:1      | Reached XP level 2. HP: 26/26 MP: 3/3
   355 | D:1      | Reached XP level 3. HP: 29/31 MP: 4/4
   487 | D:1      | Glimpsed the power of Zot.
   795 | D:3      | Reached XP level 4. HP: 24/38 MP: 5/5
   990 | D:3      | Reached skill level 1 in Short Blades
  1361 | D:3      | Noticed Terence
  1370 | D:3      | Killed Terence
  1371 | D:3      | Reached skill level 2 in Short Blades
  1371 | D:3      | Reached XP level 5. HP: 36/45 MP: 6/6
  1413 | D:4      | Found Fuorihe's General Store.
  1421 | D:4      | Reached skill level 3 in Short Blades
  1522 | D:4      | Found a hazy altar of Hepliaklqana.
  1675 | D:4      | Reached XP level 6. HP: 48/51 MP: 7/7
  1777 | D:4      | Reached skill level 4 in Short Blades
  1867 | D:5      | Entered Level 5 of the Dungeon
  1906 | D:5      | Noticed Pikel
  1917 | D:5      | Killed Pikel
  1918 | D:5      | Reached skill level 7 in Short Blades
  1918 | D:5      | Reached XP level 7. HP: 26/58 MP: 8/8
  1918 | D:5      | Reached XP level 8. HP: 30/66 MP: 9/9
  2166 | D:5      | Reached skill level 5 in Fighting
  2187 | D:5      | Noticed xian's ghost (novice MfIE)
  2188 | D:5      | Found a runed translucent door.
  2320 | D:5      | Found a sacrificial altar of Ru.
  2497 | D:6      | Found a staircase to the Ecumenical Temple.
  2530 | D:6      | HP: 2/64 [wight/+4 battleaxe (17)]
  2542 | D:6      | Noticed a steam dragon
  2545 | D:6      | HP: 3/61 [steam dragon (7)]
  2552 | D:6      | Slain by a steam dragon

Illustrated notes

Levels and vault maps discovered:
D:1:      wander_arrival_chamber, layout_loops_corners
D:2:      kennysheep_six_static_rooms, layout_loops_ring, serial_bayou_lagoon_b,
          uniq_natasha
D:3:      layout_basic, minmay_lizard_king, uniq_terence
D:4:      layout_loops_ring, overflow_temple_1_default, serial_shops,
          nicolae_stop_n_shop_2
D:5:      corexii_shack_village, layout_loops_corners,
          nicolae_ru_sacrificial_ziggurat, gammafunk_ghost_grave,
          minmay_checkerbox, uniq_crazy_yiuf_cottage, uniq_pikel
D:6:      cheibrodos_barr_body, layout_basic,
          minmay_temple_entry_statues_pillars

Skill      XL: |  1  2  3  4  5  6  7  8 |
---------------+-------------------------+-----
Long Blades    | 3 4 |  4.7
Short Blades   | 2 3 7 |  7.4
Fighting       | 6 |  6.4
Armour         | |  3.6
Shields        | |  3.6

Action                     |  1- 3 |  4- 6 |  7- 9 || total
---------------------------+-------+-------+-------++-------
  Melee: Long sword        |    74 |     2 |       ||    76
         Dagger            |       |   146 |   123 ||   269
  Evoke: Wand              |       |       |     1 ||     1
    Use: Potion            |       |     1 |       ||     1
         Scroll            |       |       |     1 ||     1
 Armour: Scale mail        |    40 |    64 |    18 ||   122
  Dodge: Dodged            |    21 |    40 |    31 ||    92
  Block: Buckler           |    12 |    26 |    16 ||    54

Table legend: (Time is in decaauts)
 A = Elapsed time spent in this place.
 B = Non-inter-level travel time spent in this place.
 C = Inter-level travel time spent in this place.
 D = Time resting spent in this place.
 E = Time spent auto-exploring this place.
 F = Levels seen in this place.
 G = Mean time per level.
                   A        B        C        D        E       F      G
               +--------+--------+--------+--------+--------+-----+--------+
         Total |   2502 |   2382 |    120 |      0 |   1783 |   6 |  417.0 |
       Dungeon |   2502 |   2382 |    120 |      0 |   1783 |   6 |  417.0 |
               +--------+--------+--------+--------+--------+-----+--------+

Top non-repeatable levels by time:
     D:3: 743 daAuts
     D:5: 583 daAuts
     D:1: 539 daAuts
     D:4: 442 daAuts
     D:2: 143 daAuts
     D:6: 51 daAuts
